 Dungeon Crawl Stone Soup version 0.27.1 (webtiles) character file.

Game seed: 9538827126581711790

1561 Malachi the Vexing (level 8, -1/52 HPs)
             Began as a Barachi Ice Elementalist on Aug 21, 2021.
             Shot with an arrow by a centaur (9 damage)
             ... on level 7 of the Dungeon.
             The game lasted 00:15:23 (8667 turns).

Malachi the Vexing (Barachi Ice Elementalist)       Turns: 8667, Time: 00:15:24

Health: -1/52      AC:  5    Str: 10    XL:     8   Next: 89%
Magic:  20/24      EV: 12    Int: 13    God:
Gold:   319        SH:  0    Dex: 13    Spells: 6/16 levels left

rFire    + . .     SeeInvis +   C - +1 dagger (venom)
rCold    . . .     Faith    +   (no shield)
rNeg     . . .     Spirit   .   o - +0 leather armour {rPois}
rPois    +         Reflect  .   (no helmet)
rElec    .         Harm     .   (no cloak)
rCorr    .         Rampage  .   b - +0 pair of gloves
Will     .....                  c - +0 pair of boots
Stlth    ++........             l - amulet "Xaufiykk" {Faith rF+ Int-4 Slay+3}
HPRegen  0.17/turn              j - ring of magical power
MPRegen  0.19/turn              f - ring of see invisible

@: slow
A: amphibious, slowness 1, strong legs 1, +LOS
a: Hop


You were on level 7 of the Dungeon.
You visited 1 branch of the dungeon, and saw 7 of its levels.

You collected 319 gold pieces.

Inventory:

Hand Weapons
 u - a +3 halberd of freezing
 C - a +1 dagger of venom (weapon)
Armour
 b - a +0 pair of gloves (worn)
 c - a +0 pair of boots (worn)
 o - a +0 leather armour of poison resistance (worn)
Jewellery
 f - a ring of see invisible (right hand)
 j - a ring of magical power (left hand)
 l - the amulet "Xaufiykk" (around neck) {Faith rF+ Int-4 Slay+3}
   (You acquired it on level 4 of the Dungeon)

   [amulet of faith]

   It allows you to gain divine favour quickly.
   Int:       It affects your intelligence (-4).
   Slay:      It affects your accuracy & damage with ranged weapons and melee
   (+3).
   rF:        It protects you from fire.
Wands
 n - a wand of iceblast (6)
 q - a wand of flame (7)
 t - a wand of paralysis (6)
Scrolls
 d - a scroll of fog
 p - 2 scrolls of teleportation
 y - a scroll of silence
Potions
 a - a potion of might {unknown}
 e - 2 potions of haste
 g - 2 potions of cancellation {unknown}
 h - 2 potions of brilliance
 i - a potion of invisibility {unknown}
 k - a potion of heal wounds {unknown}
 m - a potion of mutation {unknown}
 r - 2 potions of attraction
 s - 2 potions of lignification {unknown}
 v - a potion of resistance
 x - 3 potions of curing
 z - 3 potions of degeneration {unknown}
 B - a potion of flight {unknown}


   Skills:
 + Level 4.3 Short Blades
 - Level 3.0 Armour
 - Level 2.2 Dodging
 - Level 1.7 Stealth
 - Level 4.7 Spellcasting
 * Level 7.8 Hexes
 - Level 7.2 Ice Magic
 - Level 0.5 Evocations


You had 6 spell levels left.
You knew the following spells:

 Your Spells              Type           Power      Damage    Failure   Level
a - Freeze                Ice            84%        1d10      1%          1
b - Frozen Ramparts       Ice            42%        1d6       3%          3
c - Ozocubu's Armour      Ice            21%        N/A       3%          3
d - Confusing Touch       Hex            23%        N/A       3%          3

Your spell library contained the following spells:

 Spells                   Type           Power      Damage    Failure   Level
 Slow                     Hex            23%        N/A       1%          2
 Hailstorm                Conj/Ice       12%        3d5       50%         4
 Gell's Gravitas          Tloc           1%         N/A       58%         3
 Teleport Other           Tloc           3%         N/A       58%         3
 Vampiric Draining        Necr           1%         2d6       58%         3
 Dispersal                Tloc           1%         N/A       100%        6
 Malign Gateway           Summ/Tloc      1%         N/A       100%        7
 Summon Horrible Things   Summ           1%         N/A       100%        8


Dungeon Overview and Level Annotations

Branches:
Dungeon (7/15)
 Temple: D:4-7

Altars:


Innate Abilities, Weirdness & Mutations

You are amphibious.
You cover ground slowly.
You can hop short distances.
You have an extended range of vision and can be seen from far away.


Message History

Confirm with . or Enter, or press ? or * to list all spells.
Your hands begin to glow red.
The wyvern skeleton closely misses you.
You hit the wyvern skeleton but do no damage.
The wyvern skeleton bites you!
You hit the wyvern skeleton but do no damage.
The wyvern skeleton appears confused.
The wyvern skeleton closely misses you.
You catch the helpless wyvern skeleton completely off-guard!
You puncture the wyvern skeleton!
The wyvern skeleton is heavily damaged.
The wyvern skeleton closely misses you.
You catch the helpless wyvern skeleton completely off-guard!
You impale the wyvern skeleton!!
The wyvern skeleton is almost destroyed.
The wyvern skeleton bites you!
You are too injured to fight recklessly!
You are too injured to fight recklessly!
You are too injured to fight recklessly!
You are too injured to fight recklessly!
You strike the helpless wyvern skeleton from behind!
You puncture the wyvern skeleton!
You destroy the wyvern skeleton!
A centaur comes into view.
The centaur shouts!
A centaur comes into view.
The centaur wields a +0 shortbow of flaming.
It bursts into flame!
The centaur shoots an arrow.
The arrow hits you!
* * * LOW HITPOINT WARNING * * *
The centaur shoots an arrow.
The arrow hits you!
* * * LOW HITPOINT WARNING * * *
The arrow burns you.
* * * LOW HITPOINT WARNING * * *
Your magical contamination has completely faded away.
Casting: Confusing Touch (dangerous; 3% risk of failure)
Confirm with . or Enter, or press ? or * to list all spells.
Okay, then.
Casting: Confusing Touch (dangerous; 3% risk of failure)
Confirm with . or Enter, or press ? or * to list all spells.
Okay, then.
The centaur shoots an arrow.
The arrow hits you!
You die...

#.# #....# .# #c#
#.###....##(###
#.#
...............
...
..###..#.......
..# ###.........#
#.. ............#
#.# ###.#..####.#
#.#
#.#..####.######c#
#.#...........@..#
#.##.####........#
#.##.# #(.......#
#.##.####.......##
#...............#
#†##.#####.######
#.##.## #.#
#.#...# #.#
#.#..># #.#


You could see a centaur.

Vanquished Creatures
  2 water moccasins
  2 black bears
  2 ogres
  2 scorpions
  A water moccasin zombie (D:4)
  A wyvern skeleton (D:7)
  3 killer bees (D:7)
  4 wights (D:6)
  A bullfrog zombie (D:5)
  A centaur zombie (D:5)
  An orc priest (D:6)
  2 jellies (D:5)
  A bullfrog skeleton (D:5)
  An iguana (D:6)
  2 orc wizards
  A killer bee zombie (D:7)
  A hound skeleton (D:3)
  7 adders
  A white imp (D:6)
  An ufetubus (D:5)
  2 worms
  4 dart slugs
  13 orcs
  6 bats
  8 endoplasms
  3 giant cockroaches
  6 goblins
  7 hobgoblins
  6 jackals
  7 quokkas
  9 ball pythons
  2 frilled lizards (D:1)
  6 kobolds
  3 rats
119 creatures vanquished.

Notes
Turn   | Place    | Note
-------+----------+-------------------------------------------
     0 | D:1      | Malachi the Barachi Ice Elementalist began the quest for
                  | the Orb.
     0 | D:1      | Reached XP level 1. HP: 13/13 MP: 3/3
   138 | D:1      | Reached skill level 5 in Ice Magic
   323 | D:1      | Reached XP level 2. HP: 6/19 MP: 0/5
  1193 | D:1      | Found a faded altar of an unknown god.
  1331 | D:1      | Reached XP level 3. HP: 10/24 MP: 2/6
  1473 | D:1      | Learned a level 3 spell: Ozocubu's Armour
  1477 | D:1      | Learned a level 3 spell: Frozen Ramparts
  2205 | D:2      | Reached XP level 4. HP: 29/30 MP: 4/8
  3203 | D:3      | Noticed a water moccasin
  3212 | D:3      | Killed a water moccasin
  3212 | D:3      | HP: 1/30 [poisoned by a water moccasin]
  3213 | D:3      | Reached XP level 5. HP: 1/35 MP: 10/11
  3555 | D:3      | Reached XP level 6. HP: 41/41 MP: 12/12
  4287 | D:1      | Learned a level 3 spell: Confusing Touch
  4879 | D:4      | Reached skill level 1 in Armour
  4879 | D:4      | Reached skill level 1 in Hexes
  5152 | D:4      | Reached XP level 7. HP: 46/46 MP: 14/14
  5572 | D:4      | Identified a scroll of acquirement
  5572 | D:4      | Acquired the amulet "Xaufiykk" {Faith rF+ Int-4 Slay+3}
  5889 | D:5      | Entered Level 5 of the Dungeon
  6086 | D:5      | Reached skill level 1 in Short Blades
  6273 | D:5      | Reached skill level 5 in Hexes
  6280 | D:5      | Reached XP level 8. HP: 48/52 MP: 15/15
  7451 | D:6      | You fall into a shaft and drop 1 floor!
  8667 | D:7      | Shot with an arrow by a centaur

Illustrated notes

Levels and vault maps discovered:
D:1:      dpeg_arrival_round_b, layout_basic,
          shapermc_ecumenical_altar_totnotflames, nrook_mini_backslash
D:2:      cheibrodos_helix_gallery, layout_basic
D:3:      layout_basic
D:4:      layout_loops_ring
D:5:      layout_rooms
D:6:      layout_loops_corners, chequers_serial_rivers_room_a
D:7:      layout_basic, minmay_temple_entry_tees

Skill      XL: |  1  2  3  4  5  6  7  8 |
---------------+-------------------------+-----
Ice Magic      | 5 6 7 |  7.2
Spellcasting   | 3 4 |  4.7
Armour         | 2 3 |  3.0
Hexes          | 2 5 7 |  7.8
Short Blades   | 2 4 |  4.3
Dodging        | |  2.2
Stealth        | |  1.7
Evocations     | |  0.5

Action                   |  1- 3 |  4- 6 |  7- 9 || total
-------------------------+-------+-------+-------++-------
Melee: Unarmed           |    10 |    19 |       ||    29
       Dagger            |       |    16 |    52 ||    68
       Halberd           |       |       |     1 ||     1
 Cast: Freeze            |    51 |    52 |    27 ||   130
       Frozen Ramparts   |     1 |    19 |    16 ||    36
       Ozocubu's Armour  |       |     3 |     7 ||    10
       Confusing Touch   |       |     1 |     8 ||     9
 Abil: Hop               |     3 |     1 |     1 ||     5
Evoke: Wand              |       |     3 |     9 ||    12
  Use: Scroll            |     2 |     2 |    10 ||    14
       Potion            |       |     1 |       ||     1
 Stab: Confused          |       |       |     9 ||     9
Armor: Robe              |    16 |    11 |       ||    27
       Leather armour    |       |    17 |    26 ||    43
Dodge: Dodged            |    30 |    62 |    66 ||   158
